 Dungeon Crawl Stone Soup version 0.29.1-15-g9cfb28693d (webtiles) character file.

Game seed: 9691773717281064827

44 protoss039 the Digger (level 3, -1/26 HPs)
             Began as a Demonspawn Earth Elementalist on Mar 12, 2023.
             Slain by a hobgoblin
             ... wielding a +0 dire flail
              (11 damage)
             ... on level 2 of the Dungeon.
             The game lasted 00:01:34 (1472 turns).

protoss039 the Digger (DsEE)                        Turns: 1472, Time: 00:01:34

Health: -1/26      AC:  2    Str:  8    XL:     3   Next: 41%
Magic:  3/6        EV: 12    Int: 18    God:
Gold:   41         SH:  0    Dex: 13    Spells: 4/7 levels left

rFire   . . .      SeeInvis .   j - +1 dagger (freeze)
rCold   . . .      Faith    .   (no shield)
rNeg    . . .      Spirit   .   a - +0 robe
rPois   .          Reflect  .   (no helmet)
rElec   .          Harm     .   (no cloak)
rCorr   .          Rampage  .   (no gloves)
Will    .....                   (no boots)
Stlth   ++........              (no amulet)
HPRegen 0.08/turn               (no ring)
MPRegen 0.10/turn               (no ring)

@: very slightly contaminated
A: hooves 1, weakness stinger 1
a: no special abilities


You were on level 2 of the Dungeon.
You visited 1 branch of the dungeon, and saw 2 of its levels.

You collected 41 gold pieces.

Inventory:

Hand Weapons
 j - a +1 dagger of freezing (weapon)
Armour
 a - a +0 robe (worn)
Scrolls
 c - a scroll of identify {unknown}
 d - a scroll of immolation {unknown}
 e - a scroll of noise {unknown}
 f - a scroll of vulnerability {unknown}
 g - a scroll of teleportation {unknown}
 m - a scroll of magic mapping {unknown}
 o - a scroll of silence {unknown}
 q - a scroll of enchant armour {unknown}
Potions
 b - a potion of magic
 h - a potion of haste {unknown}
 i - 3 potions of degeneration {unknown}
 k - a potion of invisibility {unknown}
 l - a potion of flight {unknown}
 n - a potion of attraction {unknown}
 p - a potion of resistance {unknown}


   Skills:
 + Level 1.6 Fighting
 - Level 1.7 Dodging
 - Level 1.7 Stealth
 + Level 2.6 Spellcasting
 - Level 0.8 Transmutations
 + Level 3.2 Earth Magic


You had 4 spell levels left.
You knew the following spells:

 Your Spells              Type           Power      Damage    Failure   Level
a - Sandblast             Erth           28%        2d8       4%          1
b - Passwall              Tmut/Erth      7%         N/A       11%         2

Your spell library contained the following spells:

 Spells                   Type           Power      Damage    Failure   Level
 Magic Dart               Conj           8%         1d3       17%         1
 Blink                    Tloc           4%         N/A       26%         2
 Call Imp                 Summ           2%         N/A       26%         2
 Stone Arrow              Conj/Erth      16%        3d8       26%         3
 Lesser Beckoning         Tloc           2%         N/A       45%         3
 Mephitic Cloud           Conj/Pois/Air  2%         N/A       45%         3
 Petrify                  Tmut/Erth      9%         N/A       58%         4
 Manifold Assault         Tloc           2%         N/A       99%         5


Dungeon Overview and Level Annotations

Branches:
Dungeon (2/15) Zot: 10518

Altars:

Annotations:
D:2 Terence


Innate Abilities, Weirdness & Mutations

You have large cloven feet.
You have a small tail.


Message History

Press: ? - help, Shift-Dir - straight line, f - kobold
Aim: a kobold, wielding a +0 dagger and quivering stones (severely wounded, 77% to hit)
The blast of sand hits the kobold!
You kill the kobold!
A ball python comes into view.
Terence shouts, "Now you die!" The kobold completely misses you.
The goblin shoots a sling bullet.
The sling bullet completely misses you. The kobold hits you but does no damage.
Unknown command.
Unknown command.
The hobgoblin attacks as you move away! The hobgoblin closely misses you.
The goblin shoots a sling bullet.
The sling bullet hits you but does no damage.
The kobold attacks as you move away! The kobold barely misses you.
Terence asks, "Do you want it fast or slow?"
The kobold attacks as you move away! The kobold misses you.
The kobold attacks as you move away! The kobold barely misses you.
The kobold attacks as you move away! The kobold hits you but does no damage.
The kobold attacks as you move away! The kobold hits you but does no damage.
Casting: Sandblast (safe; 4% risk of failure)
Confirm with . or Enter, or press ? or * to list all spells.
Aiming: Sandblast (safe; 4% risk of failure)
Press: ? - help, Shift-Dir - straight line, f - kobold
Aim: a kobold, wielding a +0 club (77% to hit)
You miscast Sandblast.
You are very lightly contaminated with residual magic.
Nothing appears to happen.
The kobold hits you with a +0 club.
Unknown command.
Casting: Sandblast (safe; 4% risk of failure)
Confirm with . or Enter, or press ? or * to list all spells.
Aiming: Sandblast (safe; 4% risk of failure)
Press: ? - help, Shift-Dir - straight line, f/p - kobold
Aim: a kobold, wielding a +0 club (77% to hit)
The blast of sand hits the kobold!
You kill the kobold!
The hobgoblin attacks as you move away! The hobgoblin misses you.
Found a stone staircase leading down.
The hobgoblin attacks as you move away!
The hobgoblin hits you with a +0 dire flail!
You die...

#. #># #. #.# #.
#.# #. #.# #. #.#
#. #.# # #. #.#
####. #. #@#
....## #. #g#####
#.)####. #)##....
#....... #@##.#
.###..##)## #S##.#
....# #...
#.##.####..#.##...
#g...@S...###...##
##.#.##g#....####
#.#.##.#†...#


You could see Terence, a hobgoblin, a goblin and a ball python.

Vanquished Creatures
  An adder (D:2)
  2 bats (D:1)
  3 endoplasms
  8 goblins
  2 hobgoblins (D:1)
  2 jackals (D:1)
  3 quokkas
  3 ball pythons
  3 frilled lizards (D:1)
  4 kobolds
  A rat (D:1)
32 creatures vanquished.

Vanquished Creatures (others)
  A rat (D:2)
  2 plants (D:2)
3 creatures vanquished.

Grand Total: 35 creatures vanquished

Notes
Turn   | Place    | Note
-------+----------+-------------------------------------------
     0 | D:1      | protoss039 the Demonspawn Earth Elementalist began the
                  | quest for the Orb.
     0 | D:1      | Reached XP level 1. HP: 13/13 MP: 3/3
   343 | D:1      | Found a faded altar of an unknown god.
   528 | D:1      | Discovered your monstrous ancestry.
   528 | D:1      | Gained mutation: You have a small tail. [demonic ancestry]
   528 | D:1      | Reached XP level 2. HP: 20/20 MP: 3/5
   683 | D:1      | Reached skill level 1 in Fighting
   683 | D:1      | Reached skill level 3 in Earth Magic
  1285 | D:1      | Learned a level 2 spell: Passwall
  1373 | D:2      | Gained mutation: You have large cloven feet. [demonic
                  | ancestry]
  1373 | D:2      | Reached XP level 3. HP: 26/26 MP: 6/6
  1453 | D:2      | Noticed Terence
  1472 | D:2      | Slain by a hobgoblin

Illustrated notes

Levels and vault maps discovered:
D:1:      dpeg_arrival_yet_another_circle, layout_loops_ring,
          hellmonk_ecumenical_altar_inner_sanctum, minivault_11
D:2:      layout_loops_ring, serial_forest, infiniplex_forest_straight_2,
          infiniplex_forest_pool, infiniplex_forest_side_room,
          infiniplex_forest_clump_medium, infiniplex_forest_clump_long,
          infiniplex_forest_clump_small, infiniplex_forest_lined_2,
          infiniplex_forest_lined_corner, minmay_tetromino_i4, uniq_terence

Skill      XL: |  1  2 |
---------------+-------+-----
Fighting       | 1 |  1.6
Earth Magic    | 3 |  3.2
Dodging        | |  1.7
Stealth        | |  1.7
Spellcasting   | |  2.6
Transmutations | |  0.8

Action                   || total
-------------------------++-------
Melee: Unarmed           ||     1
       Dagger            ||    39
       Tailslap          ||     3
       Kick              ||     4
 Cast: Sandblast         ||    20
 Stab: Sleeping          ||     3
Armor: Robe              ||    11
Dodge: Dodged            ||    46
